 Dungeon Crawl Stone Soup version 0.27.1-33-g824d729ab1 (webtiles) character file.

Game seed: 9042065410505494578

248 Adenis the Skirmisher (level 5, 0/48 HPs)
             Began as a Minotaur Abyssal Knight on Dec 6, 2021.
             Was a Believer of Lugonu.
             Succumbed to a killer bee's poison
             ... on level 4 of the Dungeon on Dec 7, 2021.
             The game lasted 00:11:14 (4023 turns).

Adenis the Skirmisher (Minotaur Abyssal Knight)     Turns: 4023, Time: 00:11:14

Health: 0/48       AC:  5    Str: 17    XL:     5   Next: 86%
Magic:  1/5        EV: 11    Int:  9    God:    Lugonu [**....]
Gold:   140        SH:  0    Dex: 10    Spells: 4/4 levels left

rFire    . . .     SeeInvis .   a - +1 hand axe
rCold    . . .     Faith    .   (no shield)
rNeg     . . .     Spirit   .   b - +1 leather armour
rPois    .         Reflect  .   (helmet restricted)
rElec    .         Harm     .   (no cloak)
rCorr    .         Rampage  .   (no gloves)
Will     .....                  g - +0 pair of boots
Stlth    +.........             (no amulet)
HPRegen  0.16/turn              (no ring)
MPRegen  0.09/turn              (no ring)

@: lethally poisoned (0 -> -10)
A: horns 2, retaliatory headbutt
a: Renounce Religion, Depart the Abyss, Bend Space


You were on level 4 of the Dungeon.
You worshipped Lugonu.
Lugonu was pleased with you.
You visited 1 branch of the dungeon, and saw 4 of its levels.
You visited the Abyss 1 time.

You collected 140 gold pieces.

Inventory:

Hand Weapons
 a - a +1 hand axe (weapon)
Armour
 b - a +1 leather armour (worn)
 g - a +0 pair of boots (worn)
Scrolls
 c - a scroll of fog
 d - 3 scrolls of identify
Potions
 e - 2 potions of berserk rage
 f - a potion of haste


   Skills:
 + Level 5.0 Fighting
 + Level 4.8 Axes
 + Level 3.6 Armour
 + Level 2.0 Dodging
 + Level 1.3 Stealth
 + Level 2.2 Invocations


You had 4 spell levels left.
You didn't know any spells.
Your spell library contained the following spells:

 Spells                   Type           Power      Damage    Failure   Level
 Animate Skeleton         Necr           0%         N/A       43%         1
 Pain                     Necr           0%         1d4       43%         1
 Summon Small Mammal      Summ           0%         N/A       43%         1
 Sublimation of Blood     Necr           0%         N/A       58%         2
 Call Canine Familiar     Summ           0%         N/A       82%         3
 Summon Guardian Golem    Hex/Summ       0%         N/A       82%         3
 Vampiric Draining        Necr           0%         2d6       82%         3
 Petrify                  Tmut/Erth      0%         N/A       99%         4
 Irradiate                Conj/Tmut      0%         3d13      100%        5
 Summon Forest            Summ/Tloc      0%         N/A       100%        5
 Summon Mana Viper        Hex/Summ       0%         N/A       100%        5
 Shadow Creatures         Summ           N/A        N/A       100%        6


Dungeon Overview and Level Annotations

Branches:
Dungeon (4/15)
 Temple: D:4-7

Altars:
Fedhas
Nemelex Xobeh

Shops:
D:1 !   D:4 =

Portals:
Ossuary: D:4


Innate Abilities, Weirdness & Mutations

You have a pair of horns on your head.
You reflexively headbutt those who attack you in melee.


Message History

You hit the killer bee.
The killer bee is heavily wounded.
You closely miss the killer bee. The killer bee closely misses you. x3
Space bends around you!
You blink.
You barely miss the killer bee. The killer bee completely misses you.
You furiously retaliate!
You headbutt the killer bee.
The killer bee stings you but does no damage.
The killer bee stings you.
* * * LOW HITPOINT WARNING * * *
The killer bee stings you.
* * * LOW HITPOINT WARNING * * *
There is an open door, spattered with blood here.
You hit the killer bee.
The killer bee is severely wounded.
You closely miss the killer bee. The killer bee barely misses you.
You furiously retaliate!
You headbutt the killer bee! The killer bee barely misses you.
You furiously retaliate!
You headbutt the killer bee!
You kill the killer bee!
Lugonu accepts your kill.
The killer bee stings you but does no damage. x2
Your Dodging skill increases to level 2!
You barely miss the killer bee. Your headbutt misses the killer bee.
The killer bee is moderately wounded.
You closely miss the killer bee. x2; The killer bee barely misses you. x2
You furiously retaliate!
You headbutt the killer bee. The killer bee barely misses you.
The killer bee closely misses you. The killer bee stings you.
* * * LOW HITPOINT WARNING * * *
The killer bee barely misses you. Space bends around you!
You blink.
Space bends around you!
You blink.
You fail to use your ability.
The killer bee completely misses you. You furiously retaliate!
You headbutt the killer bee. The killer bee stings you.
* * * LOW HITPOINT WARNING * * *
You are lethally poisoned!
The killer bee poisons you! Space bends around you!
You blink.
You die...

#..## #...## #....# .
#..>.## ###..
##.....###.....
#..............
#...........####+###
##.........###≈≈≈.≈≈##
#.....)...##≈≈≈.@..≈≈#
.........##≈≈y§.....≈≈#
#........#≈≈yy.......≈#
#.......##≈..###.#....+
#.......#≈≈..#.(.#...≈#
........#≈r..#...#...≈#
........#≈...#...#..≈≈#
........'....#.###..≈##
.......##≈...).....≈≈#


You could see 3 killer bees and a quokka.

Vanquished Creatures
  A killer bee (D:4)
  A bullfrog zombie (D:4)
  An orc priest (D:3)
  A centaur skeleton (D:2)
  A howler monkey zombie (D:3)
  3 adders
  2 dart slugs (D:1)
  3 orcs (D:3)
  4 bats
  8 endoplasms
  2 giant cockroaches
  5 hobgoblins
  2 jackals (D:2)
  2 quokkas
  9 ball pythons
  2 frilled lizards (D:3)
  9 goblins
  7 kobolds
  5 rats
68 creatures vanquished.

Notes
Turn   | Place    | Note
-------+----------+-------------------------------------------
     0 | Abyss:1  | Adenis the Minotaur Abyssal Knight began the quest for the
                  | Orb.
     0 | Abyss:1  | Reached XP level 1. HP: 19/19 MP: 1/1
    59 | Abyss:1  | Noticed a wraith
    67 | D:1      | Escaped the Abyss
   382 | D:1      | Reached skill level 4 in Fighting
   387 | D:1      | Reached XP level 2. HP: 27/27 MP: 2/2
   409 | D:1      | Reached * piety under Lugonu
   969 | D:1      | Found a faded altar of an unknown god.
   981 | D:1      | Reached XP level 3. HP: 21/34 MP: 3/3
  1239 | D:1      | Found Ufinoe's Distillery.
  1466 | D:2      | Reached XP level 4. HP: 29/41 MP: 4/4
  2803 | D:3      | Found a sparkling altar of Nemelex Xobeh.
  2997 | D:3      | Reached skill level 1 in Stealth
  3002 | D:3      | Reached ** piety under Lugonu
  3118 | D:3      | Reached XP level 5. HP: 26/47 MP: 5/5
  3725 | D:3      | Found a blossoming altar of Fedhas.
  3965 | D:4      | Found Qetoy's Jewellery Shop.
  3977 | D:4      | Found a sand-covered staircase.
  4004 | D:4      | Reached skill level 5 in Fighting
  4023 | D:4      | Succumbed to a killer bee's poison

Illustrated notes

Levels and vault maps discovered:
D:1:      tarquinn_simple_flora_water_d, layout_rooms, serial_shops,
          nicolae_shop_waterfront, dilly_ecumenical_altar_fadedgnrine
D:2:      layout_loops_corners
D:3:      wad_river_or_something, layout_loops_ring, general_overflow_altar,
          fedhas_altar_4, minmay_randomly_rotated_circles
D:4:      layout_cave_pods, kiku_gazebo_pond_becter,
          minmay_temple_entry_mini_moons, serial_shops, kennysheep_mini,
          enter_ossuary_1, hex_medium, kennysheep_potato

Skill      XL: |  1  2  3  4  5 |
---------------+----------------+-----
Invocations    | 2 |  2.2
Fighting       | 4 5 |  5.0
Axes           | 3 4 |  4.8
Armour         | 3 |  3.6
Stealth        | 1 |  1.3
Dodging        | 2 |  2.0

Action                   |  1- 3 |  4- 6 || total
-------------------------+-------+-------++-------
Melee: Hand axe          |    53 |    89 ||   142
       Headbutt          |     8 |    12 ||    20
Invok: Depart the Abyss  |     1 |       ||     1
       Bend Space        |       |     9 ||     9
  Use: Scroll            |     4 |     3 ||     7
       Potion            |       |     2 ||     2
Armor: Leather armour    |    23 |    34 ||    57
Dodge: Dodged            |    36 |    75 ||   111
